 Dungeon Crawl Stone Soup version 0.23.1-37-gaa34b87 (webtiles) character file.

Game seed: 2326126999846755725

59 scarywalker64 the Shield-Bearer (level 4, 0/37 HPs)
             Began as a Formicid Fighter on Mar 24, 2019.
             Slain by a hobgoblin
             ... wielding a +0 club
              (1 damage)
             ... on level 2 of the Dungeon.
             The game lasted 00:03:45 (1712 turns).

scarywalker64 the Shield-Bearer (Formicid Fighter)  Turns: 1712, Time: 00:03:46

Health: 0/37       AC:  9    Str: 22    XL:     4   Next: 22%
Magic:  4/4        EV:  4    Int:  7    God:
Gold:   95         SH: 14    Dex: 10    Spells: 3/3 levels left

rFire    . . .     SeeInvis +   a - +0 long sword
rCold    . . .     Gourm    .   l - +0 large shield
rNeg     . . .     Faith    .   g - +0 chain mail
rPois    .         Spirit   .   (helmet unavailable)
rElec    .         Reflect  .   (no cloak)
rCorr    .         Harm     .   (no gloves)
MR       +....                  (no boots)
Stlth    ..........             (no amulet)
HPRegen  0.12/turn              b - ring of protection from magic
MPRegen  0.09/turn              (no ring)

@: no status effects
A: permanent stasis, dig shafts and tunnels, four strong arms, antennae 3
a: Dig, Shaft Self


You were on level 2 of the Dungeon.
You were not hungry.

You visited 1 branch of the dungeon, and saw 2 of its levels.

You collected 95 gold pieces.

Inventory:

Hand Weapons
 a - a +0 long sword (weapon)
Missiles
 k - 95 stones (quivered)
 m - 29 sling bullets
 q - 11 bolts
 s - 23 arrows
Armour
 g - a +0 chain mail (worn)
 l - a +0 large shield (worn)
Jewellery
 b - a ring of protection from magic (left hand)
Scrolls
 c - a scroll of identify {unknown}
 e - a scroll of blinking {unknown}
 n - 2 scrolls of remove curse {unknown}
 o - a scroll of enchant armour {unknown}
 p - a scroll of amnesia {unknown}
Potions
 d - a potion of might
 h - a potion of invisibility {unknown}
 i - a potion of haste {unknown}
 j - a potion of curing {unknown}
 t - a potion of cancellation {unknown}
Comestibles
 f - 3 rations
 r - 4 chunks of flesh


   Skills:
 + Level 3.6 Fighting
 + Level 2.8 Long Blades
 + Level 3.6 Armour
 + Level 1.2 Dodging
 + Level 4.0 Shields


You had 3 spell levels left.
You didn't know any spells.
Your spell library was empty.

Dungeon Overview and Level Annotations

Branches:
Dungeon (2/15)

Altars:
Gozag

Annotations:
D:2 Sigmund


Innate Abilities, Weirdness & Mutations

You cannot be hasted, slowed, berserked, paralysed or teleported.
You can dig through walls and to a lower floor.
Your four strong arms can wield two-handed weapons with a shield.
You have a pair of large antennae on your head. (SInv)


Message History

Your shield and chain mail prevent you from hitting Sigmund.
Sigmund is heavily wounded.
The kobold hits you but does no damage. The hobgoblin hits you with a +0 club.
* * * LOW HITPOINT WARNING * * *
You block Sigmund's attack.
The dart slug bites you but does no damage.
You closely miss Sigmund.
Sigmund is heavily wounded.
The kobold hits you with a +0 dagger.
* * * LOW HITPOINT WARNING * * *
You block the hobgoblin's attack. You block Sigmund's attack.
The kobold hits you but does no damage. The dart slug launches a dart at you.
The slug dart hits you.
* * * LOW HITPOINT WARNING * * *
You block the hobgoblin's attack.
Your shield prevents you from hitting Sigmund.
Sigmund is heavily wounded.
The kobold hits you but does no damage. The hobgoblin hits you with a +0 club.
You die...

#####...........#..#..#.#
#.......#.....##...####
#.......#....#.#...# #.
#............#.#.#.# ##
#.......#....#.#.#.# #
#.......#....#...#.. #
#............##..#..# #
#.......$....###....# #
#.....@g.....# #.)##. #
#..#.w@K.....# #
#.##......##.# # #.
#....#... # # ##.######.#
#. # ##


You could see Sigmund (invisible), a dart slug, a hobgoblin and a kobold.

Vanquished Creatures
  2 adders (D:2)
  4 dart slugs
  A leopard gecko (D:2)
  A ball python (D:1)
  4 bats
  5 goblins
  5 hobgoblins
  A frilled lizard (D:1)
  5 kobolds
  4 rats
32 creatures vanquished.

Notes
Turn   | Place    | Note
-------+----------+-------------------------------------------
     0 | D:1      | scarywalker64 the Formicid Fighter began the quest for the
                  | Orb.
     0 | D:1      | Reached XP level 1. HP: 18/18 MP: 1/1
    62 | D:1      | Reached XP level 2. HP: 9/24 MP: 2/2
   752 | D:1      | Reached XP level 3. HP: 28/29 MP: 3/3
  1216 | D:2      | Reached skill level 4 in Shields
  1523 | D:2      | Reached skill level 1 in Dodging
  1523 | D:2      | Reached XP level 4. HP: 32/36 MP: 4/4
  1682 | D:2      | Found an opulent altar of Gozag.
  1687 | D:2      | Noticed Sigmund
  1711 | D:2      | HP: 1/37 [dart slug/slug dart (4)]
  1712 | D:2      | Slain by a hobgoblin

Skill      XL: |  1  2  3 |
---------------+----------+-----
Shields        | 4 |  4.0
Dodging        | 1 |  1.2
Fighting       | |  3.6
Long Blades    | |  2.8
Armour         | |  3.6

Action                   |  1- 3 |  4- 6 || total
-------------------------+-------+-------++-------
Melee: Long sword        |    91 |    43 ||   134
  Eat: Chunk             |     2 |     1 ||     3
Armor: Scale mail        |    10 |       ||    10
       Chain mail        |    29 |    29 ||    58
Dodge: Dodged            |    30 |     7 ||    37
Block: Shield            |    38 |       ||    38
       Large shield      |    25 |    56 ||    81
       Rpst.: Long sword |    12 |     3 ||    15
